 Dungeon Crawl Stone Soup version 0.32-a0-350-g4f4d228785 (webtiles) character file.

Game seed: 2645527487272986715

217 Redcow54321 the Chopper (level 5, -1/45 HPs)
             Began as a Mountain Dwarf Fighter on Feb 18, 2024.
             Slain by an orc
             ... wielding a +0 trident
              (6 damage)
             ... on level 3 of the Dungeon.
             The game lasted 00:06:36 (2243 turns).

Redcow54321 the Chopper (Mountain Dwarf Fighter)    Turns: 2243, Time: 00:06:37

Health: -1/45      AC:  6    Str: 20    XL:     5   Next: 61%
Magic:  5/5        EV:  9    Int:  9    God:
Gold:   105        SH:  4    Dex:  9    Spells: 4/4 levels left

rFire   . . .        a - +0 war axe
rCold   . . .        c - +0 buckler
rNeg    . . .        b - +0 scale mail
rPois   .            (no helmet)
rElec   .            (no cloak)
rCorr   .            (no gloves)
SInv    .            (no boots)
Will    .....        (no amulet) Stlth
                     (no ring)
HPRegen 0.27/turn    (no ring)
MPRegen 0.09/turn

%: no passive effects
@: no status effects
A: runic magic, artefact enchanting
a: no special abilities


You were on level 3 of the Dungeon.
You visited 1 branch of the dungeon, and saw 3 of its levels.

You collected 105 gold pieces.

Inventory:

Hand Weapons
 a - a +0 war axe (weapon)
Armour
 b - a +0 scale mail (worn)
 c - a +0 buckler (worn)
Magical Staves
 k - a staff of conjuration
Wands
 n - a wand of flame (24)
Scrolls
 e - a scroll of vulnerability {unknown}
 f - a scroll of amnesia {unknown}
 g - a scroll of identify {unknown}
 h - 3 scrolls of silence {unknown}
 l - a scroll of poison {unknown}
 m - 3 scrolls of immolation {unknown}
Potions
 d - a potion of might
 i - a potion of haste {unknown}
 j - a potion of brilliance {unknown}


   Skills:
 - Level 3.2 Fighting
 * Level 7.2 Axes
 - Level 3.2 Armour
 - Level 3.2 Shields


You had 4 spell levels left.
You didn't know any spells.
Your spell library was empty.

Dungeon Overview and Level Annotations

Branches:
Dungeon (3/15)

Altars:

Shops:
D:1 *


Innate Abilities, Weirdness & Mutations

Your spellcasting is much less encumbered by armour.
You can use scrolls of enchantment on lesser artefacts.


Message History

Pain shoots through your body!
You barely miss the orc priest.
The orc priest is severely wounded.
The orc hits you from afar with a +0 trident.
You block the orc priest's attack. The orc completely misses you.
The orc priest threatens, "Beogh's wrath is as vast as their mercy.
Make your choice!" (press Y on the ability menu to convert to Beogh)
You closely miss the orc priest.
The orc priest is severely wounded.
The orc priest shouts, "Surrender to Beogh and we'll let you live!"
The orc priest hits you but does no damage.
The orc closely misses you.
The orc priest hits you but does no damage.
You hit the orc priest.
The orc priest shouts, "Surrender to Beogh and we'll let you live!"
The orc priest is severely wounded.
The orc completely misses you.
The orc priest shouts, "Surrender to Beogh and we'll let you live!"
The orc priest barely misses you.
You completely miss the orc priest.
The orc priest is severely wounded.
The orc hits you from afar with a +0 trident.
The orc priest hits you with a +0 club.
You slash the orc priest!
You kill the orc priest!
The orc hits you from afar with a +0 trident.
Your Axes skill increases to level 7!
You closely miss the orc. The orc hits you with a +0 club.
The orc hits you from afar with a +0 trident!
* * * LOW HITPOINT WARNING * * *
The orc hits you but does no damage.
The orc hits you from afar with a +0 trident!
* * * LOW HITPOINT WARNING * * *
You closely miss the orc. The orc barely misses you.
You block the orc's attack.
You barely miss the orc. The orc hits you but does no damage.
The orc barely misses you.
You closely miss the orc. The orc closely misses you.
The orc hits you from afar with a +0 trident.
You die...

#......# #......# .
#......# . #......# .
#......# #. ###.####
####.. #.o.# ####.....
###o# #.......# #@##
#####.......# #..#
#.........<.#
######.###.###.......#
##............#.......#
#......................
......................#
......................#
......................#
................#######


You could see 2 orcs.

Vanquished Creatures
  An orc priest (D:3)
  Crazy Yiuf (D:2)
  Jessica (D:2)
  3 gnolls (D:2)
  3 adders (D:2)
  2 dart slugs (D:1)
  3 bats
  5 endoplasms
  2 giant cockroaches
  2 goblins
  4 hobgoblins (D:2)
  4 jackals (D:2)
  A quokka (D:1)
  6 ball pythons
  A frilled lizard (D:1)
  3 kobolds
  3 rats
45 creatures vanquished.

Notes
Turn   | Place    | Note
-------+----------+-------------------------------------------
     0 | D:1      | Redcow54321 the Mountain Dwarf Fighter began the quest for
                  | the Orb.
     0 | D:1      | Reached XP level 1. HP: 19/19 MP: 1/1
    99 | D:1      | Reached skill level 3 in Axes
   221 | D:1      | Found Viujuuf's General Store.
   255 | D:1      | Reached XP level 2. HP: 26/26 MP: 2/2
   457 | D:1      | Reached skill level 4 in Axes
   813 | D:1      | Reached XP level 3. HP: 30/31 MP: 3/3
  1150 | D:2      | Reached skill level 5 in Axes
  1160 | D:2      | Reached XP level 4. HP: 19/38 MP: 4/4
  1386 | D:2      | Noticed Jessica
  1396 | D:2      | Killed Jessica
  1408 | D:2      | Reached skill level 6 in Axes
  1768 | D:2      | Reached XP level 5. HP: 43/45 MP: 5/5
  1974 | D:2      | Found a runed translucent door.
  1975 | D:2      | Noticed Crazy Yiuf
  2063 | D:2      | Killed Crazy Yiuf
  2240 | D:3      | Reached skill level 7 in Axes
  2243 | D:3      | Slain by an orc

Illustrated notes

Levels and vault maps discovered:
D:1:      doesnt_arrival_eight_statues, layout_basic, serial_shops, shop
D:2:      layout_loops_ring, uniq_crazy_yiuf_cottage, uniq_jessica
D:3:      layout_rooms, uniq_grinder

Skill      XL: |  1  2  3  4  5 |
---------------+----------------+-----
Axes           | 3 4 5 6 7 |  7.2
Fighting       | |  3.2
Armour         | |  3.2
Shields        | |  3.2

Action                     |  1- 3 |  4- 6 || total
---------------------------+-------+-------++-------
  Melee: War axe           |    83 |    87 ||   170
 Armour: Scale mail        |    64 |    58 ||   122
  Dodge: Dodged            |    44 |    38 ||    82
  Block: Buckler           |    18 |    19 ||    37

Table legend: (Time is in decaauts)
 A = Elapsed time spent in this place.
 B = Non-inter-level travel time spent in this place.
 C = Inter-level travel time spent in this place.
 D = Time resting spent in this place.
 E = Time spent auto-exploring this place.
 F = Levels seen in this place.
 G = Mean time per level.
                   A        B        C        D        E       F      G
               +--------+--------+--------+--------+--------+-----+--------+
         Total |   2296 |   2233 |     63 |    164 |   1540 |   3 |  765.3 |
       Dungeon |   2296 |   2233 |     63 |    164 |   1540 |   3 |  765.3 |
               +--------+--------+--------+--------+--------+-----+--------+

Top non-repeatable levels by time:
     D:1: 1144 daAuts
     D:2: 1076 daAuts
     D:3: 74 daAuts
